 Dungeon Crawl Stone Soup version 0.31.0-4-g52a2dc7128 (console) character file.

Game seed: 872242556565721908

74 AlterAsc the Ruffian (level 4, -5/29 HPs)
             Began as an Octopode Shapeshifter on Jan 21, 2024.
             Splashed by a jelly's acid (8 damage)
             ... on level 2 of the Dungeon.
             The game lasted 00:02:55 (1404 turns).

AlterAsc the Ruffian (Octopode Shapeshifter)        Turns: 1404, Time: 00:02:55

Health: -5/29      AC: -11   Str: 15    XL:     4   Next: 28%
Magic:  4/4        EV: 13    Int: 12    God:
Gold:   69         SH:  0    Dex: 11    Spells: 3/3 levels left

rFire   . .          .
                       - Unarmed
rCold   . . .        (no shield)
rNeg    . . .        (helmet currently unavailable)
rPois   .            (no amulet)
rElec   .            (no ring)
rCorr   .            (no ring)
SInv    .            (no ring)
Will    .....        (no ring)
Stlth   ++           (no ring)
HPRegen 0.24/turn    (no ring)
MPRegen 0.09/turn    (no ring)
                     (no ring)

%: no passive effects
@: beast-form, corroded
A: beast (slay +1), almost no armour, amphibious, 8 rings, camouflage 1,
gelatinous body 1, (nimble swimmer 1), tentacles
a: Begin Untransformation


You were on level 2 of the Dungeon.
You were a hulking beast.
You visited 1 branch of the dungeon, and saw 2 of its levels.

You collected 69 gold pieces.

Inventory:

Missiles
 e - 26 stones (quivered)
Talismans
 b - a beast talisman
 c - a flux talisman
Scrolls
 d - a scroll of identify {unknown}
 f - a scroll of vulnerability {unknown}
Potions
 a - 2 potions of lignification
 g - a potion of might {unknown}
 h - a potion of ambrosia {unknown}


   Skills:
 + Level 2.0 Fighting
 + Level 2.8 Dodging
 + Level 3.6 Unarmed Combat
 + Level 3.4 Shapeshifting


You had 3 spell levels left.
You didn't know any spells.
Your spell library contained the following spells:

 Spells                   Type           Power      Damage    Failure   Level
 Apportation              Tloc           0%         N/A       32%         1
 Necrotise                Necr           0%         1d4       32%         1
 Sting                    Conj/Alch      0%         1d3       32%         1
 Summon Small Mammal      Summ           0%         N/A       32%         1


Dungeon Overview and Level Annotations

Branches:
Dungeon (2/15)

Altars:
Gozag

Shops:
D:2 [

Annotations:
D:2 1 runed translucent door, Crazy Yiuf, Terence


Innate Abilities, Weirdness & Mutations

You are a hulking beast.
Your limbs bulge with bestial killing power. (Slay +1)
You cannot wear most types of armour.
You are amphibious.
You can wear up to eight rings at the same time.
Your skin changes colour to match your surroundings (Stealth+).
Your rubbery body absorbs attacks. (AC +1, EV +1)
((You are camouflaged when in or above water. (Stealth+)))
You have tentacles for arms and can constrict up to eight enemies at once.


Message History

There is an open gate here.
e - 23 stones (gained 6)
You open the door.
There is an open door here.
A kobold comes into view. It is wielding a +0 dagger.
The helpless kobold fails to defend itself.
You tentacle-slap the kobold.
You kill the kobold!
No target in view!
e - 26 stones (gained 3)
Things that are here:
a +0 dagger; a kobold corpse You open the door.
A jelly and an endoplasm come into view.
The jelly quivers.
You bludgeon the jelly! The acid corrodes you!
Your tentacles burn!
You squeeze the jelly, but do no damage.
The jelly is moderately wounded.
The endoplasm quivers.
The jelly barely misses you.
Something hits the toadstool.
The toadstool is destroyed!
You tentacle-slap the jelly.
Your tentacles burn!
The jelly is heavily wounded.
The jelly barely misses you.
Something hits the toadstool.
The toadstool is splashed with acid!
The acid corrodes the toadstool!
The toadstool is destroyed!
You tentacle-slap the jelly but do no damage.
Your tentacles burn!
The jelly is heavily wounded.
The jelly barely misses you.
You tentacle-slap the jelly.
Your tentacles burn!
The jelly is severely wounded.
You tentacle-slap the jelly.
Your tentacles burn!
The jelly is almost dead.
The jelly hits you. The acid corrodes you!
You are splashed with acid!
* * * LOW HITPOINT WARNING * * *
The jelly attacks as it pursues you! The jelly hits you.
* * * LOW HITPOINT WARNING * * *
The acid corrodes you!
You are splashed with acid!
You die...

....# ###########
##......# .#.##
##.#...## <#.#
#.##.... ##)#
#.##..## #)# ###
#.#<..# #)###
#######.## #.###.##
#)).####....#.#.#
#.#.....
###..##.....#.#.#
#.......
#..'......#'#.#
###.._..
#..'........#.#
#.......
#..'........#h#
#.>.....
#..##.......#J#
#.###.#.
#.####......##'J..PPP
#.##.... #.# ########
#...... #..'.... ..#
###### ####.... ..#
#..'.... ... ##.#....
#.#.... #.#....
#.#.... #.#####


You could see a jelly.

Vanquished Creatures
  2 adders (D:2)
  2 ribbon worms (D:2)
  A ball python (D:1)
  7 endoplasms
  4 giant cockroaches
  2 goblins (D:1)
  3 jackals (D:1)
  14 kobolds
  2 quokkas
  6 bats
  A frilled lizard (D:2)
  3 rats (D:1)
47 creatures vanquished.

Notes
Turn   | Place    | Note
-------+----------+-------------------------------------------
     0 | D:1      | AlterAsc the Octopode Shapeshifter began the quest for the
                  | Orb.
     0 | D:1      | Reached XP level 1. HP: 13/13 MP: 1/1
    82 | D:1      | Reached XP level 2. HP: 11/18 MP: 2/2
   258 | D:1      | Reached XP level 3. HP: 20/23 MP: 3/3
   677 | D:2      | Noticed Terence
   718 | D:2      | Found Qiuq's Antique Armour Shoppe.
   820 | D:2      | Found an opulent altar of Gozag.
   977 | D:2      | Reached XP level 4. HP: 19/29 MP: 4/4
  1056 | D:2      | Found a runed translucent door.
  1057 | D:2      | Noticed Crazy Yiuf
  1404 | D:2      | Splashed by a jelly's acid

Illustrated notes

Levels and vault maps discovered:
D:1:      evilmike_arrival_fibonacci_small, layout_basic
D:2:      cheibrodos_fertilizer, layout_basic, serial_shops, shop, basic_altar,
          uniq_terence, uniq_crazy_yiuf_cottage

Skill      XL: |  1  2  3 |
---------------+----------+-----
Fighting       | 2 |  2.0
Dodging        | |  2.8
Unarmed Combat | |  3.6
Shapeshifting  | |  3.4

Action                     |  1- 3 |  4- 6 || total
---------------------------+-------+-------++-------
  Melee: Unarmed           |    73 |    19 ||    92
         Constrict         |    16 |     2 ||    18
         Tentacles         |     8 |     5 ||    13
         Punch             |     3 |     1 ||     4
   Stab: Sleeping          |     7 |     1 ||     8
 Armour: Skin              |    32 |     8 ||    40
  Dodge: Dodged            |    50 |    13 ||    63
